 Dungeon Crawl Stone Soup version 0.24-a0-243-g8f5f5cd (webtiles) character file.

Game seed: 16469187864057232083

88 darel1 the Covered (level 4, -4/35 HPs)
             Began as a Formicid Fighter on Apr 9, 2019.
             Slain by an ogre
             ... wielding a +0 giant club
              (14 damage)
             ... on level 3 of the Dungeon.
             The game lasted 00:09:46 (1671 turns).

darel1 the Covered (Formicid Fighter)               Turns: 1671, Time: 00:09:46

Health: -4/35      AC:  7    Str: 22    XL:     4   Next: 81%
Magic:  4/4        EV:  8    Int:  7    God:
Gold:   62         SH:  9    Dex: 10    Spells: 3/3 levels left

rFire    . . .     SeeInvis +   a - +0 trident
rCold    . . .     Gourm    .   c - +0 shield
rNeg     . . .     Faith    .   b - +0 scale mail
rPois    .         Spirit   .   (helmet unavailable)
rElec    .         Reflect  .   (no cloak)
rCorr    .         Harm     .   (no gloves)
MR       .....                  (no boots)
Stlth    ..........             (no amulet)
HPRegen  0.11/turn              (no ring)
MPRegen  0.09/turn              (no ring)

@: no status effects
A: permanent stasis, dig shafts and tunnels, four strong arms, antennae 3
a: Dig, Shaft Self


You were on level 3 of the Dungeon.
You were hungry.

You visited 1 branch of the dungeon, and saw 3 of its levels.

You collected 62 gold pieces.

Inventory:

Hand Weapons
 a - a +0 trident (weapon)
 j - a +0 long sword
Missiles
 k - 16 stones (quivered)
Armour
 b - a +0 scale mail (worn)
 c - a +0 shield (worn)
Scrolls
 d - a scroll of immolation {unknown}
 e - a scroll of enchant weapon {unknown}
 g - a scroll of fog {unknown}
 l - 3 scrolls of remove curse {unknown}
 m - a scroll of teleportation {unknown}
 n - a scroll of enchant armour {unknown}
 p - a scroll of noise {unknown}
Potions
 h - 3 potions of degeneration {unknown}
 i - a potion of berserk rage {unknown}
 o - a potion of brilliance {unknown}
Comestibles
 f - 2 rations
 q - a chunk of flesh


   Skills:
 + Level 3.5 Fighting
 + Level 3.0 Polearms
 + Level 4.3 Armour
 + Level 0.5 Dodging
 + Level 0.1 Stealth
 + Level 4.1 Shields


You had 3 spell levels left.
You didn't know any spells.
Your spell library was empty.

Dungeon Overview and Level Annotations

Branches:
Dungeon (3/15)

Altars:

Annotations:
D:2 Natasha


Innate Abilities, Weirdness & Mutations

You cannot be hasted, slowed, berserked, paralysed or teleported.
You can dig through walls and to a lower floor.
Your four strong arms can wield two-handed weapons with a shield.
You have a pair of large antennae on your head. (SInv)


Message History

The ogre is severely wounded.
The ogre hits you with a +0 giant club!!
Ouch! That really hurt!
* * * LOW HITPOINT WARNING * * *
You are too injured to fight recklessly!
You are too injured to fight recklessly!
You are too injured to fight recklessly!
You are too injured to fight recklessly!
You are too injured to fight recklessly!
You are too injured to fight recklessly!
You are too injured to fight recklessly!
You are too injured to fight recklessly!
You are too injured to fight recklessly!
You are too injured to fight recklessly!
You are too injured to fight recklessly!
You are too injured to fight recklessly!
You hit the ogre.
The ogre is almost dead.
The ogre hits you with a +0 giant club!
You die...

...
#'#
#.#
#.#
#.#
#h#
#h#
#O#
#@#
#.#
#.#
#.#
#.#
#.#
#.#
#.#
#.#


You could see an ogre and 2 jackals.

Vanquished Creatures
  Terence (D:2)
  2 adders (D:2)
  2 oozes (D:2)
  A dart slug (D:1)
  A leopard gecko (D:1)
  2 giant cockroaches (D:2)
  5 goblins (D:1)
  5 hobgoblins
  A jackal (D:3)
  3 kobolds
  A quokka (D:2)
  4 bats
  2 frilled lizards
  3 rats
33 creatures vanquished.

Notes
Turn   | Place    | Note
-------+----------+-------------------------------------------
     0 | D:1      | darel1 the Formicid Fighter began the quest for the Orb.
     0 | D:1      | Reached XP level 1. HP: 18/18 MP: 1/1
   230 | D:1      | Reached XP level 2. HP: 24/24 MP: 2/2
   809 | D:2      | Noticed Natasha
   904 | D:2      | Reached XP level 3. HP: 29/29 MP: 3/3
  1221 | D:2      | Noticed Terence
  1227 | D:2      | Killed Terence
  1227 | D:2      | Reached XP level 4. HP: 34/35 MP: 4/4
  1647 | D:3      | Noticed an ogre
  1671 | D:3      | Slain by an ogre

Levels and vault maps discovered:
D:1:      giann_bridges, layout_basic, st_stairs_8, hangedman_decor_peaks_small,
          nrook_mini_backslash
D:2:      layout_basic, uniq_natasha, uniq_terence
D:3:      minmay_diamond_boxcup, layout_basic, lemuel_coloured_pillars_altar,
          nicolae_overflow_quartered_altars

Skill      XL: |  1  2  3  4 |
---------------+-------------+-----
Armour         | 4 |  4.3
Shields        | 4 |  4.1
Polearms       | 3 |  3.0
Fighting       | |  3.5
Dodging        | |  0.5
Stealth        | |  0.1

Action                   |  1- 3 |  4- 6 || total
-------------------------+-------+-------++-------
Melee: Trident           |    62 |    50 ||   112
  Use: Potion            |     1 |       ||     1
  Eat: Chunk             |       |     2 ||     2
Armor: Scale mail        |    13 |     8 ||    21
Dodge: Dodged            |    15 |    12 ||    27
Block: Shield            |    27 |    26 ||    53

Table legend:
 A = Non-vault XP
 B = Vault XP
 C = Vault XP percentage of total XP
 D = Non-vault monster count
 E = Vault monster count
 F = Vault count percentage of total count
                 A         B        C        D         E       F
            +---------+---------+-------+---------+---------+-------
      Total |      87 |      39 |  31.0 |      31 |       2 |   6.1
            +---------+---------+-------+---------+---------+-------
        D:1 |      23 |       3 |  11.5 |      12 |       1 |   7.7
        D:2 |      57 |      36 |  38.7 |      14 |       1 |   6.7
        D:3 |       7 |       0 |   0.0 |       5 |       0 |   0.0
            +---------+---------+-------+---------+---------+-------
